 Dungeon Crawl Stone Soup version 0.29.1-2-gbd0b4ee654 (webtiles) character file.

Game seed: 12342471658591494010

72 Descartes the Sneak (level 4, -2/22 HPs)
             Began as a Spriggan Wanderer on Nov 11, 2022.
             Blown up by Ijyb (10 damage)
             ... with a mindburst bolt
             ... on level 3 of the Dungeon.
             The game lasted 00:05:48 (4916 turns).

Descartes the Sneak (Spriggan Wanderer)             Turns: 4916, Time: 00:05:49

Health: -2/22      AC:  2    Str:  8    XL:     4   Next: 7%
Magic:  9/9        EV: 15    Int: 15    God:
Gold:   52         SH:  5    Dex: 14    Spells: 8/9 levels left

rFire   . . .      SeeInvis +   a - +0 dagger (vorpal)
rCold   . . .      Faith    .   k - +0 buckler
rNeg    . . .      Spirit   .   e - +0 robe
rPois   .          Reflect  .   c - +0 hat
rElec   .          Harm     .   (no cloak)
rCorr   .          Rampage  .   (gloves unavailable)
Will    .....                   (boots unavailable)
Stlth   ++........              (no amulet)
HPRegen 0.07/turn               (no ring)
MPRegen 0.11/turn               (no ring)

@: very quick
A: very small, no large weapons, unfitting armour, see invisible, speed 3
a: no special abilities


You were on level 3 of the Dungeon.
You visited 1 branch of the dungeon, and saw 3 of its levels.

You collected 52 gold pieces.

Inventory:

Hand Weapons
 a - a +0 vorpal dagger (weapon)
Missiles
 b - a curare-tipped dart (quivered)
Armour
 c - a +0 hat (worn)
 e - a +0 robe (worn)
 k - a +0 buckler (worn)
Scrolls
 d - 3 scrolls of fog
 f - 2 scrolls of magic mapping {unknown}
 h - a scroll of fear {unknown}
 i - 2 scrolls of teleportation {unknown}
 n - a scroll of enchant armour {unknown}
 o - a scroll of immolation {unknown}
Potions
 g - 2 potions of heal wounds {unknown}
 j - a potion of curing {unknown}
 l - a potion of haste {unknown}
 m - a potion of magic {unknown}


   Skills:
 + Level 1.3 Fighting
 + Level 1.0 Short Blades
 + Level 1.1 Ranged Weapons
 - Level 3.0 Throwing
 + Level 2.0 Dodging
 + Level 3.6 Stealth
 + Level 0.1 Shields
 + Level 3.0 Spellcasting
 + Level 0.2 Conjurations
 + Level 2.3 Translocations
 + Level 0.4 Fire Magic
 + Level 1.3 Evocations


You had 8 spell levels left.
You knew the following spells:

 Your Spells              Type           Power      Damage    Failure   Level
a - Apportation           Tloc           18%        N/A       17%         1

Your spell library contained the following spells:

 Spells                   Type           Power      Damage    Failure   Level
 Gell's Gravitas          Tloc           9%         N/A       45%         3


Dungeon Overview and Level Annotations

Branches:
Dungeon (3/15)

Altars:

Shops:
D:1 :

Annotations:
D:3 Ijyb


Innate Abilities, Weirdness & Mutations

You are very small and have problems with some larger weapons.
You are too small for most types of armour.
You have supernaturally acute eyesight. (SInv)
You cover ground extremely quickly. (Speed+++)


Message History

You block the goblin's attack.
You closely miss the goblin.
A bat comes into view.
You closely miss the goblin.
The goblin unwields a +0 dagger.
The goblin wields a +0 sling.
The goblin shoots a sling bullet.
The sling bullet closely misses you. You block the goblin's attack.
You barely miss the goblin. The goblin barely misses you.
The goblin shoots a sling bullet.
The sling bullet misses you.
You hit the goblin.
You kill the goblin!
The goblin shoots a sling bullet.
The sling bullet hits you. The bat closely misses you.
Your Short Blades skill increases to level 1!
You hit the bat but do no damage. The bat closely misses you.
The goblin shoots a sling bullet.
The sling bullet closely misses you.
You hit the bat but do no damage. You block the bat's attack.
The goblin shoots a sling bullet.
The sling bullet closely misses you.
You hear a shout!
The goblin shoots a sling bullet.
The sling bullet hits you.
You see here a +0 dagger.
You barely miss the bat. You block the bat's attack. The bat barely misses you.
Ijyb the Twisted Goblin comes into view.
She is wielding a +0 club and carrying a wand of mindburst (11).
The bat barely misses you.
You closely miss the bat. The bat completely misses you.
The goblin shoots a sling bullet.
The sling bullet barely misses you. The bat hits you but does no damage.
You barely miss the bat. The bat closely misses you. The bat hits you.
The goblin shoots a sling bullet.
The sling bullet hits you.
You are too injured to fight recklessly!
You are too injured to fight recklessly!
You are too injured to fight recklessly!
You are too injured to fight recklessly!
You are too injured to fight recklessly!
The goblin shoots a sling bullet.
The sling bullet closely misses you. The bat attacks as you move away!
You block the bat's attack.
Found 7 stones.
The bat completely misses you. The bat barely misses you.
Ijyb hits you with a +0 club.
You hit Ijyb but do no damage. The bat misses you.
Ijyb zaps a wand.
Your mind is blasted!
You die...

......#...........
..................
..............#..#
..................
#................
#................
####..)†.........
##....b..##...#.
........gg@......(
...........##.#.##
.....#....... ..
.....#...#.##...#
.....#.....# ....
............ ...
#........ .
#........#


You could see Ijyb, a goblin and a bat.

Vanquished Creatures
  An adder (D:2)
  2 worms (D:2)
  A dart slug (D:2)
  6 ball pythons
  6 endoplasms
  3 giant cockroaches
  5 goblins
  5 hobgoblins
  3 quokkas
  8 bats
  3 frilled lizards (D:1)
  6 kobolds
  5 rats
54 creatures vanquished.

Vanquished Creatures (others)
  A withered plant (D:1)
1 creature vanquished.

Grand Total: 55 creatures vanquished

Notes
Turn   | Place    | Note
-------+----------+-------------------------------------------
     0 | D:1      | Descartes the Spriggan Wanderer began the quest for the
                  | Orb.
     0 | D:1      | Descartes set off with the following items: a +0 vorpal
                  | dagger, a curare-tipped dart, a +0 hat, a scroll of fog, a
                  | +0 robe; and the following spell memorised: Apportation;
                  | and the following spells available to memorise: Gell's
                  | Gravitas.
     0 | D:1      | Reached XP level 1. HP: 10/10 MP: 5/5
   423 | D:1      | Reached XP level 2. HP: 9/14 MP: 6/6
   796 | D:1      | Found a faded altar of an unknown god.
  1761 | D:1      | Reached skill level 1 in Evocations
  1996 | D:1      | Found Quwkitzu's Book Shoppe.
  2385 | D:1      | Reached XP level 3. HP: 16/18 MP: 8/8
  3623 | D:2      | Reached skill level 1 in Ranged Weapons
  4502 | D:2      | Reached XP level 4. HP: 5/22 MP: 9/9
  4904 | D:3      | Reached skill level 1 in Short Blades
  4907 | D:3      | Noticed Ijyb
  4916 | D:3      | Blown up by Ijyb

Illustrated notes

Levels and vault maps discovered:
D:1:      eino_arrival_cavern_e, layout_basic, serial_shops,
          nicolae_diamond_shop, ebering_ecumenical_altar_petrified, st_stairs_2,
          minmay_pentomino_p4
D:2:      layout_basic
D:3:      layout_basic, mainiacjoe_overflow_boulevard, uniq_ijyb

Skill      XL: |  1  2  3  4 |
---------------+-------------+-----
Translocations | 2 |  2.3
Evocations     | 1 |  1.3
Spellcasting   | 3 |  3.0
Ranged Weapons | 1 |  1.1
Dodging        | 2 |  2.0
Short Blades   | 1 |  1.0
Fighting       | |  1.3
Throwing       | |  3.0
Stealth        | |  3.6
Shields        | |  0.1
Conjurations   | |  0.2
Fire Magic     | |  0.4

Action                   |  1- 3 |  4- 6 || total
-------------------------+-------+-------++-------
Melee: Dagger            |   221 |    26 ||   247
 Stab: Sleeping          |    12 |       ||    12
Armor: Robe              |    24 |     8 ||    32
Dodge: Dodged            |   162 |    30 ||   192
Block: Buckler           |    15 |    11 ||    26
